 Dungeon Crawl Stone Soup version 0.28-a0-697-g47f3eba078 (webtiles) character file.

Game seed: 15598179733979821708

3028 ytrimaz the Cleaver (level 10, -2/77 HPs)
             Began as a Formicid Fighter on Oct 24, 2021.
             Was a Priest of Okawaru.
             Slain by a two-headed ogre (12 damage)
             ... on level 8 of the Dungeon.
             The game lasted 00:10:40 (8774 turns).

ytrimaz the Cleaver (Formicid Fighter)              Turns: 8774, Time: 00:10:41

Health: -2/77      AC: 17    Str: 23    XL:     10   Next: 10%
Magic:  13/13      EV:  9    Int: 15    God:    Okawaru [***...]
Gold:   386        SH: 11    Dex: 10    Spells: 9/9 levels left

rFire   . . .      SeeInvis +   q - +0 war axe (flame)
rCold   . . .      Faith    .   c - +0 buckler
rNeg    . . .      Spirit   .   o - +0 plate armour
rPois   .          Reflect  +   (helmet unavailable)
rElec   .          Harm     .   (no cloak)
rCorr   .          Rampage  .   (no gloves)
Will    +....                   j - +0 pair of boots
Stlth   ..........              e - amulet of reflection
HPRegen 0.22/turn               n - +6 ring of intelligence
MPRegen 0.13/turn               (no ring)

@: heroic
A: permanent stasis, dig shafts and tunnels, antennae 3, four strong arms
a: Dig, Shaft Self, Renounce Religion, Heroism


You were on level 8 of the Dungeon.
You worshipped Okawaru.
Okawaru was most pleased with you.
You visited 2 branches of the dungeon, and saw 9 of its levels.

You collected 386 gold pieces.

Inventory:

Hand Weapons
 a - a +0 war axe
 b - a +0 long sword
 l - a +2 hand axe of freezing
 q - a +0 war axe of flaming (weapon)
Armour
 c - a +0 buckler (worn)
 d - a +0 kite shield
 j - a +0 pair of boots (worn)
 o - a +0 plate armour (worn)
Jewellery
 e - an amulet of reflection (around neck)
 n - a +6 ring of intelligence (left hand)
Wands
 k - a wand of digging (4)
Scrolls
 f - 2 scrolls of enchant armour
 m - 6 scrolls of fog
 p - a scroll of identify
 r - a scroll of enchant weapon
Potions
 g - a potion of curing
 h - a potion of attraction {unknown}
 i - a potion of flight


   Skills:
 + Level 6.7(11.7) Fighting
 + Level 9.2(14.2) Axes
 + Level 7.5(12.5) Armour
 * Level 5.6(10.6) Shields
 * Level 5.0 Invocations


You had 9 spell levels left.
You didn't know any spells.
Your spell library contained the following spells:

 Spells                   Type           Power      Damage    Failure   Level
 Corpse Rot               Necr/Air       0%         N/A       99%         2
 Poisonous Vapours        Pois/Air       0%         N/A       99%         2


Dungeon Overview and Level Annotations

Branches:
Dungeon (8/15)             Temple (1/1) D:5
   Lair: D:8-11

Altars:
Ashenzari
Cheibriados
Gozag
Kikubaaqudgha
Nemelex Xobeh
Okawaru
Ru
Sif Muna
Uskayaw
Wu Jian
Xom
Yredelemnul
Zin
Beogh

Shops:
D:4 *

Annotations:
D:3 3 runed translucent doors, AttackTheMoon's ghost, amateur TrMo


Innate Abilities, Weirdness & Mutations

You cannot be hasted, slowed, berserked, paralysed or teleported.
You can dig through walls and to a lower floor.
You have a pair of large antennae on your head. (SInv)
Your four strong arms can wield two-handed weapons with a shield.


Message History

An orc comes into view. It is wielding a +0 club.
You closely miss the orc wizard. The orc wizard barely misses you.
You slash the orc wizard! You burn the orc wizard.
The orc wizard is severely wounded.
You barely miss the orc wizard.
The orc wizard is severely wounded.
The orc wizard gestures at you while chanting.
The puff of flame hits you.
You hit the orc wizard but do no damage.
The orc wizard is severely wounded.
The orc wizard gestures at you while chanting.
The puff of flame hits you but does no damage.
You hit the orc wizard. You burn the orc wizard.
You kill the orc wizard!
Okawaru accepts your kill.
You slash the orc! You burn the orc.
You kill the orc!
Okawaru accepts your kill.
A two-headed ogre comes into view.
It is wielding a +0 giant spiked club and a +0 giant club.
The two-headed ogre shouts in stereo!
The orc hits you but does no damage.
Items here: ( )) [ ††.
You slash the orc! You burn the orc.
You kill the orc!
Okawaru accepts your kill.
Things that are here:
a +0 club; an orc corpse The two-headed ogre hits you with a +0 giant spiked club!
The two-headed ogre hits you with a +0 giant club!!
* * * LOW HITPOINT WARNING * * *
You hit the two-headed ogre but do no damage.
The two-headed ogre hits you with a +0 giant spiked club!
* * * LOW HITPOINT WARNING * * *
The two-headed ogre hits you but does no damage.
Unknown command.
Okay, then.
Are you sure you want to shaft yourself?
The two-headed ogre closely misses you.
The two-headed ogre hits you with a +0 giant club!
You die...

#.#.# #.#. ##.#.
... # ... # #.# #
#O# # #@# # #
#.##.#### ###
#)......# #..
#######)#####.#
#.. ........# .
#.. #######)# ..
#.. #.# #.#####..
#.#####.##....)...
#............))[..


You could see a two-headed ogre.

Vanquished Creatures
  Pikel (D:5)
  A cyclops (D:7)
  Grinder (D:6)
  A steam dragon (D:8)
  An orc warrior (D:7)
  2 ice beasts (D:6)
  A sky beast (D:5)
  A necrophage (D:7)
  3 ogres
  6 scorpions
  A bullfrog zombie (D:5)
  3 centaur zombies (D:6)
  4 orc priests
  2 jellies
  Crazy Yiuf (D:7)
  6 orc wizards
  A hound skeleton (D:4)
  9 adders
  A shadow imp (D:6)
  2 ufetubi
  4 worms
  5 dart slugs
  29 orcs
  7 ball pythons
  7 endoplasms
  A giant cockroach (D:4)
  5 goblins
  11 hobgoblins
  14 jackals
  9 kobolds
  5 quokkas
  2 bats
  4 frilled lizards
  4 rats
155 creatures vanquished.

Notes
Turn   | Place    | Note
-------+----------+-------------------------------------------
     0 | D:1      | ytrimaz the Formicid Fighter began the quest for the Orb.
     0 | D:1      | Reached XP level 1. HP: 18/18 MP: 1/1
   153 | D:1      | Reached XP level 2. HP: 24/24 MP: 2/2
   257 | D:1      | Reached XP level 3. HP: 28/30 MP: 3/3
   934 | D:2      | Reached skill level 3 in Axes
   989 | D:2      | Found a faded altar of an unknown god.
   995 | D:2      | Reached XP level 4. HP: 35/37 MP: 4/4
  1229 | D:2      | You fall into a shaft and drop 1 floor!
  1737 | D:3      | Reached XP level 5. HP: 33/42 MP: 5/5
  2110 | D:3      | Found a runed translucent gate.
  2110 | D:3      | Noticed AttackTheMoon's ghost (amateur TrMo)
  2112 | D:3      | Found a runed translucent gate.
  2113 | D:3      | Found a runed translucent gate.
  2113 | D:3      | Identified the +7 short sword of Feos {vorpal, Will- Str+4}
  3014 | D:4      | Reached skill level 4 in Axes
  3022 | D:4      | Reached XP level 6. HP: 32/49 MP: 6/6
  3279 | D:4      | Reached skill level 5 in Armour
  3617 | D:4      | Reached skill level 5 in Axes
  3777 | D:4      | Reached XP level 7. HP: 38/55 MP: 7/7
  4208 | D:4      | Found Dbomokliud's Desiderata Depot.
  4328 | D:5      | Entered Level 5 of the Dungeon
  4328 | D:5      | Found an opulent altar of Gozag.
  4459 | D:5      | Found a broken altar of Ashenzari.
  4492 | D:5      | Found a staircase to the Ecumenical Temple.
  4515 | D:5      | Noticed Pikel
  4515 | Temple   | Entered the Ecumenical Temple
  4612 | Temple   | Became a worshipper of Warmaster Okawaru
  4707 | D:5      | You fall into a shaft and drop 1 floor!
  4975 | D:5      | Found a shimmering blue altar of Sif Muna.
  5093 | D:5      | Reached skill level 5 in Fighting
  5093 | D:5      | Reached skill level 6 in Axes
  5449 | D:5      | Reached * piety under Okawaru
  5450 | D:5      | Reached XP level 8. HP: 62/62 MP: 8/8
  5632 | D:5      | Killed Pikel
  5632 | D:5      | Reached ** piety under Okawaru
  5633 | D:5      | Reached skill level 7 in Axes
  6010 | D:5      | Identified the +3 leather armour of Meager Mirth {-Tele
                  | Regen+ MP+9 Int+5}
  6032 | D:5      | Reached XP level 9. HP: 47/69 MP: 9/11
  6845 | D:6      | Reached skill level 8 in Axes
  6879 | D:6      | Found a shimmering altar of Xom.
  6957 | D:6      | Noticed Grinder
  6969 | D:6      | Killed Grinder
  7584 | D:7      | Reached *** piety under Okawaru
  7626 | D:7      | Found a basalt altar of Yredelemnul.
  7829 | D:7      | Found an ancient bone altar of Kikubaaqudgha.
  7892 | D:7      | Noticed a cyclops
  7909 | D:7      | Killed a cyclops
  7910 | D:7      | Reached skill level 9 in Axes
  7910 | D:7      | Reached skill level 5 in Shields
  7910 | D:7      | Reached XP level 10. HP: 23/77 MP: 11/13
  8399 | D:7      | Found a runed translucent door.
  8400 | D:7      | Noticed Crazy Yiuf
  8547 | D:7      | Killed Crazy Yiuf
  8757 | D:8      | Reached skill level 5 in Invocations
  8768 | D:8      | Noticed a two-headed ogre
  8774 | D:8      | Slain by a two-headed ogre

Illustrated notes

Levels and vault maps discovered:
D:1:      lemuel_arrival_tunnels, layout_rooms, dk_noncrumbling_4
D:2:      layout_rooms, shapermc_ecumenical_altar_notcrosses,
          amcnicky_mini_pool_small
D:3:      layout_loops_ring, biasface_ghost_orc_armoury, grunt_ministairs_11
D:4:      layout_loops_cross, nicolae_alphabet_shops, st_stairs_11
D:5:      cheibrodos_quashed, layout_gridville, lemuel_blue_sif_altar,
          mainiacjoe_overflow_catch_the_wave, minmay_temple_entry_junction,
          cheibrodos_sewer_entry_bend, uniq_pikel
D:6:      layout_cave_pools, mainiacjoe_overflow_small_starburst,
          minmay_misc_feat_roman, hangedman_abyss_or_decor_lesser_grid,
          uniq_grinder
D:7:      layout_loops_ring, old_standard_altar,
          mainiacjoe_overflow_surrounded_room, uniq_crazy_yiuf_cottage
D:8:      layout_loops_ring, amcnicky_altar_gilded,
          chequers_serial_rivers_small_b, uniq_psyche
Temple:   regret_index_temple_generic_petals

Skill      XL: |  1  2  3  4  5  6  7  8  9 10 |
---------------+-------------------------------+-----
Axes           | 3 4 5 6 7 9 |  9.2
Armour         | 4 5 6 7 |  7.5
Fighting       | 4 5 6 |  6.7
Invocations    | 2 4 5 |  5.0
Shields        | 5 |  5.6

Action                   |  1- 3 |  4- 6 |  7- 9 | 10-12 || total
-------------------------+-------+-------+-------+-------++-------
Melee: War axe           |    79 |   190 |   140 |    18 ||   427
       Hand axe          |       |       |   120 |    10 ||   130
Invok: Heroism           |       |       |     3 |     3 ||     6
 Abil: Shaft Self        |       |     1 |     1 |     1 ||     3
       Dig               |       |     3 |     5 |       ||     8
  Use: Scroll            |     5 |     3 |     3 |     1 ||    12
       Potion            |       |       |     3 |       ||     3
Armor: Scale mail        |    33 |   103 |    50 |       ||   186
       Leather armour    |       |       |    36 |       ||    36
       Plate armour      |       |       |     6 |     9 ||    15
Dodge: Dodged            |    41 |   125 |    97 |     6 ||   269
Block: Buckler           |    39 |   125 |   128 |     6 ||   298
       Reflection        |       |     1 |     2 |       ||     3

Table legend: (Time is in decaauts)
 A = Elapsed time spent in this place.
 B = Non-inter-level travel time spent in this place.
 C = Inter-level travel time spent in this place.
 D = Time resting spent in this place.
 E = Time spent auto-exploring this place.
 F = Levels seen in this place.
 G = Mean time per level.
                   A        B        C        D        E       F      G
               +--------+--------+--------+--------+--------+-----+--------+
         Total |   8864 |   8552 |    312 |   2473 |   4303 |   9 |  984.9 |
       Dungeon |   8734 |   8453 |    281 |   2473 |   4234 |   8 | 1091.8 |
        Temple |    129 |     98 |     31 |      0 |     69 |   1 |  129.0 |
               +--------+--------+--------+--------+--------+-----+--------+

Top non-repeatable levels by time:
     D:5: 2123 daAuts
     D:4: 1492 daAuts
     D:3: 1445 daAuts
     D:7: 1344 daAuts
     D:1: 881 daAuts
     D:6: 669 daAuts
     D:2: 600 daAuts
     D:8: 176 daAuts
  Temple: 129 daAuts
